 Dungeon Crawl Stone Soup version 0.31-a0-564-g3b7de120b3 (webtiles) character file.

Game seed: 5058246175627614393

81 Dittersdorf the Shield-Bearer (level 4, -2/29 HPs)
             Began as a Gargoyle Fighter on Aug 17, 2023.
             Slain by Sigmund
             ... wielding a +0 scythe
              (7 damage)
             ... on level 2 of the Dungeon.
             The game lasted 00:01:45 (1228 turns).

Dittersdorf the Shield-Bearer (Gargoyle Fighter)    Turns: 1228, Time: 00:01:46

Health: -2/29      AC: 11    Str: 21    XL:     4   Next: 40%
Magic:  4/4        EV:  9    Int:  9    God:
Gold:   129        SH:  0    Dex:  9    Spells: 1/3 levels left

rFire   . . .        a - +0 flail
rCold   . . .        c - +0 buckler
rNeg    + . .        b - +0 scale mail
rPois   ∞            p - +1 hat
rElec   +            (no cloak)
rCorr   .            (no gloves)
SInv    +            (no boots)
Will    .....        (no amulet) Stlth
                     o - ring of see invisible
HPRegen 0.24/turn    (no ring)
MPRegen 0.09/turn

%: no passive effects
@: confused
A: sickness immunity, AC +3, negative energy resistance 1, electricity
resistance, torment resistance 1, petrification resistance
a: no special abilities


You were on level 2 of the Dungeon.
You visited 1 branch of the dungeon, and saw 3 of its levels.

You collected 129 gold pieces.

Inventory:

Hand Weapons
 a - a +0 flail (weapon)
Armour
 b - a +0 scale mail (worn)
 c - a +0 buckler (worn)
 p - a +1 hat (worn)
Jewellery
 o - a ring of see invisible (left hand)
Scrolls
 e - a scroll of enchant weapon {unknown}
 f - a scroll of fear {unknown}
 g - a scroll of poison {unknown}
 i - 2 scrolls of identify {unknown}
 l - 2 scrolls of teleportation {unknown}
 m - a scroll of summoning {unknown}
 n - a scroll of blinking {unknown}
Potions
 d - 2 potions of might
 h - a potion of haste {unknown}
 j - a potion of curing {unknown}
 k - a potion of lignification {unknown}
 q - a potion of invisibility {unknown}


   Skills:
 + Level 3.9 Fighting
 + Level 2.8 Maces & Flails
 + Level 4.0 Armour
 + Level 4.0 Shields


You had one spell level left.
You knew the following spells:

 Your Spells              Type           Power      Damage    Failure   Level
a - Passwall              Tmut/Erth      0%         N/A       89%         2

Your spell library contained the following spells:

 Spells                   Type           Power      Damage    Failure   Level
 Ensorcelled Hibernation  Hex/Ice        0%         N/A       89%         2
 Swiftness                Air            0%         N/A       98%         3


Dungeon Overview and Level Annotations

Branches:
Dungeon (3/15)

Altars:
Ru

Shops:
D:2 [

Annotations:
D:2 Sigmund


Innate Abilities, Weirdness & Mutations

You are immune to sickness and miasma.
Your stone body is resilient. (AC +3)
You are immune to poison.
You resist negative energy. (rN+)
You are resistant to electric shocks. (rElec)
You are resistant to unholy torment.
You are immune to petrification.


Message History

You are too injured to fight recklessly!
You are too injured to fight recklessly!
You are too injured to fight recklessly!
You are too injured to fight recklessly!
You are too injured to fight recklessly!
You are too injured to fight recklessly!
You are too injured to fight recklessly!
You are too injured to fight recklessly!
You are too injured to fight recklessly!
You are too injured to fight recklessly!
You are too injured to fight recklessly!
You are too injured to fight recklessly!
You are too injured to fight recklessly!
You are too injured to fight recklessly!
You are too injured to fight recklessly!
You are too injured to fight recklessly!
You are too injured to fight recklessly!
You are too injured to fight recklessly!
You closely miss Sigmund. Sigmund hits you but does no damage.
You hit Sigmund.
Sigmund is lightly wounded.
Sigmund hits you but does no damage.
You hit Sigmund.
Sigmund is lightly wounded.
Sigmund gestures at you while chanting. The magic dart hits you.
You barely miss Sigmund.
Sigmund is lightly wounded.
Sigmund hits you with a +0 scythe.
* * * LOW HITPOINT WARNING * * *
You hit Sigmund.
Sigmund is moderately wounded.
Sigmund gestures at you while chanting.
The magic dart hits you but does no damage.
Sigmund points at you and mumbles some strange words.
You are confused.
You barely miss Sigmund.
Sigmund is moderately wounded.
Sigmund hits you with a +0 scythe!
You die...

#...######.>.................#
###.## ##.#######..#..##...#
#..### #.# ##....##.#.### ##...##
#.# ###.......... ###..# #.#
##.#.....#. ##.#
#.###########.....#.#.
########.###.##..................
......................####...#...
#########.......@.....# #...#...
#....<..@.....# #...#...
#.............# #####...
#.............# #...
#......######## #... #......#
#(.. #......# #... ######## ####


You could see Sigmund.

Vanquished Creatures
  4 adders (D:2)
  A dart slug (D:2)
  6 bats
  5 endoplasms
  5 giant cockroaches
  3 goblins
  3 hobgoblins
  4 quokkas
  A ball python (D:1)
  A frilled lizard (D:1)
  3 kobolds (D:1)
  4 rats
40 creatures vanquished.

Notes
Turn   | Place    | Note
-------+----------+-------------------------------------------
     0 | D:1      | Dittersdorf the Gargoyle Fighter began the quest for the
                  | Orb.
     0 | D:1      | Reached XP level 1. HP: 14/14 MP: 1/1
     0 | D:1      | Noticed a tentacled monstrosity
     0 | D:1      | Noticed a tentacled monstrosity
     3 | D:1      | Noticed a large abomination
     3 | D:1      | Noticed a tentacled monstrosity
     5 | D:1      | Noticed an orb of fire
     7 | D:1      | Noticed an iron dragon
     8 | D:1      | Noticed a large abomination
     9 | D:1      | Noticed an orb of fire
    11 | D:1      | Noticed a large abomination
    11 | D:1      | Noticed a tentacled monstrosity
    13 | D:1      | Noticed a shadow dragon
    15 | D:1      | Noticed a shadow dragon
    15 | D:1      | Noticed an ice dragon
    17 | D:1      | Noticed a shadow dragon
    17 | D:1      | Noticed a shadow dragon
    19 | D:1      | Noticed a white draconian
    21 | D:1      | Noticed an orb of fire
    59 | D:1      | Reached XP level 2. HP: 19/19 MP: 2/2
   547 | D:2      | Reached XP level 3. HP: 21/23 MP: 3/3
   602 | D:2      | Learned a level 2 spell: Passwall
   622 | D:2      | Found Qiycrav's Antique Armour Boutique.
   849 | D:2      | Found a sacrificial altar of Ru.
   883 | D:2      | Reached XP level 4. HP: 25/29 MP: 4/4
  1217 | D:3      | Noticed Sigmund
  1228 | D:2      | Slain by Sigmund

Illustrated notes

Levels and vault maps discovered:
D:1:      shiori_arrival_whats_in_store_for_you, layout_rooms,
          kennysheep_another_room, minmay_tetromino_s4
D:2:      layout_rooms, serial_shops, shop, basic_altar
D:3:      layout_basic, nicolae_dithmenos_shadow_blocks,
          nicolae_twisty_statue_hallways, uniq_terence, uniq_robin, uniq_sigmund

Skill      XL: |  1  2  3  4 |
---------------+-------------+-----
Shields        | 4 |  4.0
Armour         | 4 |  4.0
Fighting       | |  3.9
Maces & Flails | |  2.8

Action                     |  1- 3 |  4- 6 || total
---------------------------+-------+-------++-------
  Melee: Flail             |   143 |    38 ||   181
 Armour: Scale mail        |    97 |    31 ||   128
  Dodge: Dodged            |    74 |    18 ||    92
  Block: Buckler           |    36 |     8 ||    44

Table legend: (Time is in decaauts)
 A = Elapsed time spent in this place.
 B = Non-inter-level travel time spent in this place.
 C = Inter-level travel time spent in this place.
 D = Time resting spent in this place.
 E = Time spent auto-exploring this place.
 F = Levels seen in this place.
 G = Mean time per level.
                   A        B        C        D        E       F      G
               +--------+--------+--------+--------+--------+-----+--------+
         Total |   1283 |   1225 |     58 |      0 |    858 |   3 |  427.7 |
       Dungeon |   1283 |   1225 |     58 |      0 |    858 |   3 |  427.7 |
               +--------+--------+--------+--------+--------+-----+--------+

Top non-repeatable levels by time:
     D:2: 717 daAuts
     D:1: 564 daAuts
     D:3: 1 daAuts
